 Dungeon Crawl Stone Soup version 0.21-a0-278-ga722497 (webtiles) character file.

58357 grisnicke the Fighter (level 14, -1/115 HPs)
             Began as a Mummy Fighter on Sept 20, 2017.
             Was an Initiate of Gozag.
             Slain by a rust devil (4 damage)
             ... summoned by an orc high priest
             ... on level 2 of the Orcish Mines on Sept 22, 2017.
             The game lasted 02:31:52 (23161 turns).

grisnicke the Fighter (Mummy Fighter)              Turns: 23161, Time: 02:31:53

Health: -1/115     AC:  6    Str: 27    XL:     14   Next: 49%
Magic:  18/18      EV: 12    Int: 10    God:    Gozag
Gold:   1607       SH:  0    Dex: 25    Spells: 13/13 levels left

rFire    . . .     SeeInvis .   a - +4 lajatang (vamp) {!w}
rCold    + . .     Gourm    .   (shield currently unavailable)
rNeg     + + +     Faith    .   h - +1 plate armour {rF+}
rPois    ∞         Spirit   .   F - +1 helmet "Bieveugg" {rElec Str-2 Int+2 Dex+2}
rElec    +         Reflect  .   (no cloak)
rCorr    .         Harm     .   l - +3 pair of gauntlets of War {Slay+5}
MR       ++...                  C - +0 pair of boots
Stlth    ..........             i - amulet of regeneration {+regen, !d}
HPRegen  0.69/turn              c - +3 ring of slaying
MPRegen  0.16/turn              N - ring of Reneecuss {MR+ Dex+7}

@: mighty, agile, about to teleport, corroded
A: no food or potions, fire vulnerability, cold resistance 1, negative energy
resistance 3, torment resistance, unbreathing, in touch with death 1
a: Potion Petition, Call Merchant, Bribe Branch, Renounce Religion


You were on level 2 of the Orcish Mines.
You worshipped Gozag.
Gozag was most pleased with you.
You were not hungry.

You visited 4 branches of the dungeon, and saw 22 of its levels.
You also visited: Labyrinth.

You collected 6513 gold pieces.
You spent 2289 gold pieces at shops.
You paid 2617 gold pieces to Gozag.

Inventory:

Hand Weapons
 a - a +4 vampiric lajatang (weapon) {!w}
   (You acquired it on level 3 of the Lair of Beasts)
 b - a +0 fustibalus
   (You found it on level 4 of the Lair of Beasts)
 f - a +0 quarterstaff of speed
   (You found it in a labyrinth)
Missiles
 d - 603 stones
 g - 37 tomahawks (quivered)
 r - 117 sling bullets
 z - 2 throwing nets {=f, !d}
Armour
 h - a +1 plate armour of fire resistance (worn)
   (You bought it in a shop on level 9 of the Dungeon)
 l - the +3 pair of gauntlets of War (worn) {Slay+5}
   (You bought it in a shop on level 12 of the Dungeon)

   It affects your accuracy and damage with ranged weapons and melee attacks
   (+5).
 C - a +0 pair of boots (worn)
   (You bought it in a shop on level 12 of the Dungeon)
 F - the +1 helmet "Bieveugg" (worn) {rElec Str-2 Int+2 Dex+2}
   (You bought it in a shop on level 9 of the Dungeon)

   It affects your strength (-2).
   It affects your intelligence (+2).
   It affects your dexterity (+2).
   It insulates you from electricity.
Jewellery
 c - a +3 ring of slaying (left hand)
   (You found it on level 3 of the Dungeon)
 i - an amulet of regeneration (around neck) {+regen, !d}
   (You found it on level 2 of the Dungeon)
 k - an uncursed amulet of guardian spirit {Spirit}
   (You found it on level 5 of the Dungeon)
 s - an uncursed ring of flight {+Fly, !d}
   (You found it on level 7 of the Dungeon)
 w - an uncursed ring of protection from cold {rC+, !d}
   (You found it on level 7 of the Dungeon)
 y - an uncursed ring of see invisible {sInv, !d}
   (You found it on level 10 of the Dungeon)
 N - the ring of Reneecuss (right hand) {MR+ Dex+7}
   (You found it in a labyrinth)

   [ring of protection from magic]

   It affects your dexterity (+7).
   It affects your resistance to hostile enchantments.
Wands
 e - a wand of lightning (6/15)
   (You found it on level 4 of the Lair of Beasts)
 m - a wand of digging (6/24)
   (You took it off Joseph on level 10 of the Dungeon)
 n - a wand of flame (10/48)
   (You found it on level 2 of the Lair of Beasts)
 o - a wand of flame (21/48)
   (You found it on level 3 of the Lair of Beasts)
 t - a wand of polymorph (13/24)
   (You bought it in a shop on level 7 of the Dungeon)
 u - a wand of digging (11/24)
   (You found it on level 9 of the Dungeon)
 v - a wand of confusion (0/48)
   (You bought it in a shop on level 7 of the Dungeon)
 x - a wand of enslavement (10/24)
   (You found it on level 7 of the Dungeon)
 A - a wand of paralysis (21/24)
   (You found it on level 5 of the Lair of Beasts)
 B - a wand of acid (0/15)
   (You found it on level 8 of the Dungeon)
 D - a wand of disintegration (3/24)
   (You bought it in a shop on level 7 of the Dungeon)
 G - a wand of paralysis (14/24)
   (You found it on level 12 of the Dungeon)
 K - a wand of iceblast (3/15)
   (You found it on level 1 of the Lair of Beasts)
 O - a wand of acid (5/15)
   (You found it in a labyrinth)
 P - a wand of clouds (0/9)
   (You found it in a labyrinth)
 Q - a wand of confusion (23/48)
   (You found it in a labyrinth)
 R - a wand of confusion (23/48)
   (You found it in a labyrinth)
Scrolls
 j - 13 scrolls of remove curse
 p - a scroll of magic mapping {!r}
 q - a scroll of recharging
 E - 4 scrolls of blinking {!r}
 I - 6 scrolls of enchant armour
 J - 3 scrolls of teleportation
 L - a scroll of fear
Miscellaneous
 H - a phial of floods (inert)
   (You found it on level 10 of the Dungeon)


   Skills:
 - Level 12.2 Fighting
   Level 11.5(12.8) Polearms
 + Level 9.7(12.0) Staves
 + Level 7.0 Armour
   Level 9.2 Shields
 - Level 5.8 Evocations


You had 13 spell levels left.
You didn't know any spells.

Dungeon Overview and Level Annotations

Branches:
Dungeon (13/15)            Temple (1/1) D:7            Lair (6/6) D:8
  Swamp (0/4) Lair:4       Spider (0/4) Lair:4        Slime (0/5) Lair:5
    Orc (2/2) D:11            Elf (0/3) Orc:2
 Vaults: D:13-14

Altars:
Elyvilon
Fedhas
Gozag
Hepliaklqana
Makhleb
Nemelex Xobeh
Qazlal
Ru
Sif Muna
Trog
Uskayaw
Zin
The Shining One
Beogh
Jiyva

Shops:
D:7 **:%   D:8 [   D:9 *   D:12 [   Orc:1 (   Orc:2 *[[

Annotations:
D:4 Eustachio
D:5 tilp's ghost, novice HOFE
D:12 Frances
Lair:6 TODO: rF+, exclusion: oklob plant


Innate Abilities, Weirdness & Mutations

You do not eat or drink.
Your flesh is vulnerable to fire.
You are immune to poison.
Your flesh is cold resistant. (rC+)
You are immune to negative energy. (rN+++)
You are immune to unholy pain and torment.
You can survive without breathing.
You are in touch with the powers of death.


Message History

You miss the orc high priest.
The sixfirhy hits you but does no damage.
The sixfirhy completely misses you.
The orc high priest mumbles some strange prayers to Beogh.
The soul eater hits you!
You take 12 damage, and have 103/115 hp.
You slice the orc high priest!!
You feel better.
The soul eater disappears in a puff of smoke!
The sixfirhy hits you but does no damage.
The orc high priest calls down the wrath of Beogh upon you.
Beogh smites you!
You take 3 damage, and have 100/115 hp.
You closely miss the orc high priest.
The orc high priest calls down the wrath of Beogh upon you.
Beogh smites you!
You take 9 damage, and have 91/115 hp.
You closely miss the orc high priest.
The sixfirhy hits you but does no damage.
The rust devil hits you. The rust devil corrodes you!
You closely miss the orc high priest. The sixfirhy closely misses you.
The sixfirhy hits you! The sixfirhy shocks you. You resist.
The sixfirhy hits you. The sixfirhy shocks you. You resist.
The orc high priest hits you but does no damage.
The sixfirhy hits you. The sixfirhy shocks you. You resist.
The rust devil hits you. The rust devil corrodes you! The sixfirhy hits you.
The sixfirhy shocks you. You resist.
You take 27 damage, and have 65/115 hp.
MASSIVE DAMAGE!!
Your plate armour prevents you from hitting the orc high priest.
The sixfirhy hits you. The sixfirhy shocks you. You resist.
The sixfirhy hits you but does no damage.
The sixfirhy barely misses you. x2; The sixfirhy hits you.
The sixfirhy shocks you. You resist.
The orc high priest utters an invocation to Beogh.
The orc high priest is healed somewhat.
The sixfirhy hits you but does no damage.
The rust devil barely misses you.
You take 13 damage, and have 52/115 hp.
You closely miss the orc high priest.
The sixfirhy hits you but does no damage. x2
The sixfirhy barely misses you.
The orc high priest hits you but does no damage.
The sixfirhy hits you! The sixfirhy shocks you. You resist.
You take 12 damage, and have 40/115 hp.
Aim: an orc high priest, wielding a dire flail (heavily wounded)
The bolt of acid misses the orc high priest.
This wand has 5 charges left.
The rust devil barely misses you.
The orc high priest says, "Oblivion to the unbeliever."
The orc high priest hits you but does no damage.
None of your equipped items are cursed.
Unknown command.
As you read the scroll of teleportation, it crumbles to dust.
You feel strangely unstable.
The sixfirhy hits you but does no damage.
The rust devil hits you. The rust devil corrodes you!
The orc high priest hits you with a dire flail.
* * * LOW HITPOINT WARNING * * *
You take 10 damage, and have 31/115 hp.
Aim: an orc high priest, wielding a dire flail (heavily wounded, chance to defeat MR: 28%)
Okay, then.
The mass of ice explodes!
The iceblast engulfs the orc high priest.
This wand has 3 charges left.
The sixfirhy closely misses you. The sixfirhy hits you!
* * * LOW HITPOINT WARNING * * *
The sixfirhy shocks you. You resist.
* * * LOW HITPOINT WARNING * * *
The sixfirhy hits you but does no damage.
The sixfirhy barely misses you. The sixfirhy hits you.
* * * LOW HITPOINT WARNING * * *
The sixfirhy shocks you. You resist.
* * * LOW HITPOINT WARNING * * *
The rust devil hits you. The rust devil corrodes you! The sixfirhy hits you.
* * * LOW HITPOINT WARNING * * *
The sixfirhy shocks you. You resist.
* * * LOW HITPOINT WARNING * * *
You take 28 damage, and have 3/115 hp.
MASSIVE DAMAGE!! [a] - 357 gold - haste, agility and flight [b] - 286 gold - heal wounds, might and agility [c] - 232 gold - might and agility Purchase which effect?
You feel much better.
You feel very mighty all of a sudden.
You feel agile all of a sudden. The sixfirhy closely misses you.
The sixfirhy barely misses you. The sixfirhy closely misses you.
The sixfirhy hits you.
* * * LOW HITPOINT WARNING * * *
The sixfirhy shocks you. You resist.
* * * LOW HITPOINT WARNING * * *
The sixfirhy hits you.
* * * LOW HITPOINT WARNING * * *
The sixfirhy shocks you. You resist.
* * * LOW HITPOINT WARNING * * *
The sixfirhy misses you.
The orc high priest invokes the aid of Beogh against you.
Beogh smites you!
* * * LOW HITPOINT WARNING * * *
The rust devil hits you.
You die...
Your body crumbles into a pile of gold.

.# ## #...#......#......# .##
#.## ####................## ..#
...###.....##.............#
..##..# #......#.............##
......# #......#.............##
#....## #....................#
#...### ###.................##
......### #...3o............##
........## ##..4@3............#
..#......###..................#
.#....#...##.................##
..#.####......................#
...###.#......................#
...#....#.#..................##
.........................#..##
.#.#.#.#.....................#
...................>.........#


You could see an orc high priest, a rust devil and 2 sixfirhies.

Vanquished Creatures
  Snorg (Lair:5)
  Josephine (Orc:1)
  4 hydras
  A catoblepas (Lair:3)
  4 two-headed ogres
  8 orc high priests (Orc:2)
  Nergalle (Lair:2)
  A deep elf mage (D:11)
  An orc sorcerer (Orc:1)
  9 elephants
  A black mamba (Lair:3)
  Joseph (D:10)
  A molten gargoyle (Lair:6)
  A centaur zombie (D:12)
  Psyche (D:8)
  A torpor snail (Lair:5)
  9 komodo dragons
  14 spiny frogs
  A polar bear (Lair:4)
  A queen bee (Lair:1)
  10 slime creatures (D:12)
  A hornet (D:12)
  14 blink frogs
  10 hippogriffs
  A dream sheep (Lair:5)
  A spriggan (Lair:1)
  5 wraiths
  41 yaks
  3 redbacks (Lair:4)
  4 hungry ghosts
  A wyvern (Lair:6)
  2 vampire mosquitoes (D:12)
  A basilisk (D:12)
  A steam dragon (D:11)
  9 wargs
  6 swamp worms (Lair:4)
  11 water moccasins
  4 hell hounds
  6 porcupines
  12 orc warriors
  2 eyes of draining
  2 ice beasts
  5 black bears
  5 sky beasts
  4 phantoms
  A necrophage (D:6)
  10 wolves (Lair:5)
  10 ogres
  13 centaurs
  15 crocodiles
  The ghost of motkurip the Shield-Bearer, an amateur GrFi of Makhleb (D:3)
  Blork the orc (D:4)
  23 bullfrogs
  A wyvern zombie (D:11)
  A water moccasin zombie (D:8)
  5 scorpions
  A water moccasin skeleton (D:8)
  7 wights
  34 killer bees
  4 howler monkeys
  6 crimson imps
  A quasit (D:11)
  8 hounds
  4 jellies
  4 bullfrog skeletons
  2 centaur skeletons
  27 orc priests
  11 orc wizards
  4 iguanas
  Natasha (thrice) (D:4)
  9 worker ants
  Terence (D:2)
  A hound zombie (D:8)
  A hound skeleton (D:8)
  3 worker ant zombies
  11 gnolls
  A river rat (Lair:4)
  10 adders
  2 shadow imps
  2 oozes
  An adder zombie (D:8)
  3 adder skeletons
  3 worms
  2 leopard geckos
  78 orcs
  A ball python (D:3)
  3 giant cockroaches
  5 goblins
  3 hobgoblins
  17 jackals
  2 quokkas
  3 bats (D:2)
  5 frilled lizards
  2 jackal skeletons (D:7)
  6 kobolds
  A leopard gecko zombie (D:9)
  A quokka skeleton (D:4)
  8 rats
605 creatures vanquished.

Vanquished Creatures (collateral kills)
  A minotaur (Lab)
  A hippogriff (D:8)
  An iguana (D:8)
  A killer bee (D:8)
  An orc (D:8)
5 creatures vanquished.

Vanquished Creatures (others)
  A wolf (Lair:5)
  2 wights (D:8)
  6 fungi
  3 plants
12 creatures vanquished.

Grand Total: 622 creatures vanquished

Notes
Turn   | Place    | Note
-------+----------+-------------------------------------------
     0 | D:1      | grisnicke the Mummy Fighter began the quest for the Orb.
     0 | D:1      | Reached XP level 1. HP: 18/18 MP: 1/1
   103 | D:1      | Reached XP level 2. HP: 24/24 MP: 2/2
   258 | D:1      | Reached skill level 2 in Polearms
   755 | D:2      | Reached XP level 3. HP: 29/29 MP: 3/3
   762 | D:2      | Found a stormy altar of Qazlal.
   788 | D:2      | Noticed Terence
   814 | D:2      | Killed Terence
   850 | D:2      | Reached skill level 3 in Shields
  1050 | D:2      | Reached XP level 4. HP: 23/35 MP: 4/4
  1450 | D:3      | Noticed motkurip's ghost (amateur GrFi)
  1853 | D:3      | Killed motkurip's ghost
  1853 | D:3      | Reached XP level 5. HP: 38/41 MP: 5/5
  1923 | D:3      | Reached skill level 3 in Polearms
  2231 | D:4      | Noticed Eustachio
  2298 | D:4      | Noticed Natasha
  2394 | D:4      | Killed Natasha
  2583 | D:4      | Reached XP level 6. HP: 41/48 MP: 6/6
  2657 | D:4      | Reached skill level 4 in Shields
  2874 | D:4      | Noticed Blork the orc
  2888 | D:4      | Killed Blork the orc
  2888 | D:4      | Reached skill level 4 in Fighting
  2916 | D:4      | Noticed Natasha
  3029 | D:4      | Killed Natasha
  3191 | D:4      | Noticed Natasha
  3204 | D:4      | Killed Natasha
  3204 | D:4      | Reached skill level 4 in Polearms
  3446 | D:4      | Reached XP level 7. HP: 54/54 MP: 7/7
  3579 | D:5      | Entered Level 5 of the Dungeon
  3579 | D:5      | Noticed tilp's ghost (novice HOFE)
  3584 | D:5      | HP: 10/54 [tilp's ghost/flame tongue (28)]
  4064 | D:4      | Reached skill level 5 in Shields
  4382 | D:6      | Reached XP level 8. HP: 55/61 MP: 8/8
  4399 | D:6      | Reached skill level 5 in Polearms
  4910 | D:6      | Reached skill level 5 in Fighting
  5230 | D:6      | Reached skill level 6 in Shields
  5407 | D:7      | Found Jucwetoch's Assorted Antiques.
  5548 | D:7      | Found Tipaofu's General Store.
  5567 | D:7      | Found a staircase to the Ecumenical Temple.
  5576 | Temple   | Entered the Ecumenical Temple
  5593 | Temple   | Became a worshipper of Gozag Ym Sagoz the Greedy
  5639 | D:7      | Bought a worn glass wand for 60 gold pieces
  5641 | D:7      | Bought a scroll labeled NAOXU XASUUTA for 15 gold pieces
  5647 | D:7      | Bought a wand of confusion (21/48) for 172 gold pieces
  5766 | D:6      | Reached skill level 6 in Polearms
  5840 | D:7      | Bought a scroll of identify for 30 gold pieces
  5947 | D:7      | Found Ziell's Book Boutique.
  6037 | D:7      | Reached skill level 6 in Fighting
  6129 | D:7      | Reached XP level 9. HP: 53/69 MP: 9/9
  6130 | D:7      | Found a glowing golden altar of the Shining One.
  6320 | D:7      | Found Palor's Food Boutique.
  6556 | D:7      | Found a deep blue altar of Sif Muna.
  6587 | D:8      | Found Lar Zara's Armour Emporium.
  6618 | D:8      | Bought a +0 pair of gloves for 67 gold pieces
  6685 | D:8      | Found a staircase to the Lair.
  6748 | D:8      | Reached skill level 7 in Polearms
  6787 | D:8      | Noticed Psyche
  6797 | D:8      | Killed Psyche
  6978 | D:8      | Reached skill level 7 in Shields
  6987 | D:8      | Reached skill level 7 in Fighting
  7006 | D:8      | Reached skill level 8 in Polearms
  7092 | D:8      | Noticed a two-headed ogre
  7110 | D:8      | Killed a two-headed ogre
  7110 | D:8      | Reached XP level 10. HP: 76/79 MP: 10/10
  7682 | D:9      | Noticed a two-headed ogre
  7702 | D:9      | HP: 12/80 [two-headed ogre/giant club (17)]
  7704 | D:9      | HP: 4/80 [two-headed ogre/giant club (9)]
  8026 | D:9      | Reached skill level 1 in Evocations
  8199 | D:9      | Reached skill level 9 in Polearms
  8499 | D:8      | Killed a two-headed ogre
  8499 | D:8      | Reached skill level 8 in Shields
  8499 | D:8      | Reached skill level 2 in Evocations
  8557 | D:7      | Bought an encrusted marble ring for 75 gold pieces
  8557 | D:7      | Bought a fluorescent wand for 60 gold pieces
  8998 | D:10     | Entered Level 10 of the Dungeon
  9040 | D:10     | Noticed Joseph
  9115 | D:10     | Killed Joseph
  9645 | D:10     | Reached XP level 11. HP: 85/85 MP: 13/13
  9657 | D:10     | Reached skill level 10 in Polearms
  9657 | D:10     | Reached skill level 3 in Evocations
 10313 | D:11     | Found a sparkling altar of Nemelex Xobeh.
 10347 | D:11     | Noticed a deep elf mage
 10464 | Lair:1   | Entered Level 1 of the Lair of Beasts
 10485 | Lair:1   | Found a labyrinth entrance.
 10492 | Lab      | Entered a labyrinth
 10566 | Lab      | Noticed a minotaur
 10572 | Lab      | Killed a minotaur
 10586 | Lab      | Got a slimy battleaxe
 10586 | Lab      | Got a scorched scale mail
 10586 | Lab      | Got a smoking copper ring
 10599 | Lair:1   | Identified the +0 scale mail of Plasticity {Int+2 Dex+5} (You found it in a labyrinth)
 10612 | Lair:1   | Identified the ring of Reneecuss {MR+ Dex+7} (You found it in a labyrinth)
 10619 | Lair:1   | Identified the +8 battleaxe of Overwhelming Force {chop, rPois Int-3 SInv Stlth+} (You found it in a labyrinth)
 10943 | Lair:1   | Reached skill level 4 in Evocations
 11478 | Lair:1   | Reached skill level 11 in Polearms
 11981 | D:7      | Bought a scroll of magic mapping for 35 gold pieces
 11981 | D:7      | Bought a +2 pair of gloves of archery for 215 gold pieces
 12225 | Lair:2   | Reached skill level 9 in Shields
 12284 | Lair:2   | Reached skill level 5 in Evocations
 12680 | Lair:2   | HP: 3/85 [komodo dragon (26)]
 12940 | Lair:2   | Noticed Nergalle
 12945 | Lair:2   | Killed Nergalle
 12945 | Lair:2   | Reached XP level 12. HP: 92/92 MP: 15/15
 13312 | Lair:3   | Identified a scroll of acquirement
 13360 | Lair:3   | Reached skill level 3 in Armour
 13398 | Lair:3   | Noticed a six-headed hydra
 13404 | Lair:3   | Killed a six-headed hydra
 13404 | Lair:3   | Reached skill level 8 in Fighting
 13645 | D:7      | Bought a scroll of enchant weapon for 75 gold pieces
 13800 | Lair:2   | Reached skill level 1 in Staves
 14030 | Lair:3   | Reached skill level 2 in Staves
 14199 | Lair:3   | Reached skill level 9 in Fighting
 14236 | Lair:3   | Noticed a catoblepas
 14246 | Lair:3   | Killed a catoblepas
 14246 | Lair:3   | Reached skill level 3 in Staves
 14884 | Lair:4   | Reached skill level 4 in Staves
 15103 | Lair:4   | Reached skill level 10 in Fighting
 15111 | Lair:4   | Found a staircase to the Swamp.
 15360 | Lair:4   | Found a hole to the Spider Nest.
 15825 | Lair:5   | Noticed a five-headed hydra
 15836 | Lair:5   | HP: 20/97 [six-headed hydra (5)]
 15838 | Lair:5   | HP: 8/97 [six-headed hydra (6)]
 15839 | Lair:5   | Killed a six-headed hydra
 15844 | Lair:5   | HP: 20/97 [porcupine's spines (6)]
 15986 | Lair:5   | Reached skill level 5 in Staves
 15993 | Lair:5   | Noticed a seven-headed hydra
 16126 | Lair:5   | Gained mutation: You are in touch with the powers of death. [Mummy growth]
 16126 | Lair:5   | Reached XP level 13. HP: 77/104 MP: 17/17
 16565 | Lair:5   | Found a viscous altar of Jiyva.
 16565 | Lair:5   | Found a staircase to the Slime Pits.
 16629 | Lair:5   | Reached skill level 11 in Fighting
 16730 | Lair:5   | Reached skill level 6 in Staves
 16731 | Lair:5   | Noticed Snorg
 16738 | Lair:5   | Killed Snorg
 17259 | Lair:6   | Entered Level 6 of the Lair of Beasts
 18254 | Lair:6   | Reached skill level 7 in Staves
 18787 | Lair:6   | Reached skill level 12 in Fighting
 19133 | Lair:6   | Found a large runed door.
 19326 | D:9      | Bought a polished helmet for 171 gold pieces
 19336 | D:9      | Identified the +1 helmet "Bieveugg" {rElec Str-2 Int+2 Dex+2} (You bought it in a shop on level 9 of the Dungeon)
 19336 | D:9      | Bought a translucent chain mail for 171 gold pieces
 19346 | D:9      | Identified the cursed +1 chain mail of Ymaong {rCorr Str-4 Int+4} (You bought it in a shop on level 9 of the Dungeon)
 19359 | D:9      | Bought a runed plate armour for 468 gold pieces
 19413 | D:10     | You fall through a shaft for 3 floors!
 19692 | D:11     | Reached skill level 8 in Staves
 19708 | D:11     | Reached skill level 4 in Armour
 20267 | D:11     | Found a staircase to the Orcish Mines.
 20469 | D:12     | Found Zeriam's Armour Boutique.
 20511 | D:12     | Bought the +3 pair of gauntlets of War {Slay+5} for 617 gold pieces
 20511 | D:12     | Found the +3 pair of gauntlets of War {Slay+5}
 20511 | D:12     | Bought a +0 pair of boots for 58 gold pieces
 20598 | D:12     | Reached XP level 14. HP: 109/115 MP: 18/18
 20608 | D:12     | Found a sacrificial altar of Ru.
 20723 | D:12     | Reached skill level 5 in Armour
 21086 | D:12     | Noticed Frances
 21119 | Orc:1    | Entered Level 1 of the Orcish Mines
 21282 | Orc:1    | Reached skill level 9 in Staves
 21480 | Orc:1    | Found Fuihivan's Weapon Emporium.
 21809 | Orc:2    | Entered Level 2 of the Orcish Mines
 21810 | Orc:2    | Found a staircase to the Elven Halls.
 21848 | Orc:2    | Noticed Josephine
 21865 | Orc:1    | Killed Josephine
 21908 | Orc:2    | Found Uked's Assorted Antiques.
 21997 | Orc:2    | Reached skill level 6 in Armour
 22481 | Orc:2    | Found Ismued's Armour Emporium.
 22481 | Orc:2    | Found Yqackyko's Antique Armour Shop.
 22514 | Orc:2    | Found a roughly hewn altar of Beogh.
 22745 | Orc:2    | Found a roughly hewn altar of Beogh.
 23041 | Orc:2    | Reached skill level 7 in Armour
 23160 | Orc:2    | HP: 24/115 [sixfirhy[an orc high priest] (7)]
 23160 | Orc:2    | HP: 6/115 [sixfirhy[an orc high priest] (6)]
 23161 | Orc:2    | Slain by a rust devil

Vault maps used:
D:1:      sevenhm_arrival_forest_fort_small_4
D:2:      nicolae_qazlal_general_emergency, uniq_terence
D:3:      first_bread
D:4:      minmay_tree_intersection, uniq_natasha, uniq_eustachio,
          uniq_blork_the_orc
D:7:      lemuel_upstairs_altar, nicolae_overflow_hidden_temple,
          lemuel_temple_firewalk_b, serial_shops, shop, shop,
          nicolae_shop_behind_doors, shop, grunt_ogre_cave
D:8:      kennysheep_six_static_rooms, minmay_lair_entry_lava, serial_shops,
          shop, uniq_psyche
D:9:      grunt_decor_fettered, minmay_misc_feat_diagonals,
          roderic_st_hans_cross
D:10:     uniq_joseph
D:11:     orc_0_dummy, nemelex_diamond_rough_becter
D:12:     serial_shops, nicolae_shop_stone, nicolae_ru_sacrificial_ziggurat,
          uniq_frances
D:13:     trove_entry_hex_spiral
Temple:   nicolae_temple_the_god_donut
Lair:1:   lab_entry_generic, special_room, grunt_forest_large_clearing_hut
Lair:2:   grunt_forest_small_clearing_treed, uniq_nergalle
Lair:3:   nicolae_volcano_entry_s_turn
Lair:4:   nicolae_swamp_entry_splash_gauntlet, spider_nest_entry_webs
Lair:5:   slime_altar_1, nzn_random_ring, uniq_snorg
Lair:6:   cheibrodos_lair_end_hotspot
Orc:1:    serial_shops, shop, lightli_orcish_oven
Orc:2:    st_orc_town, basic_altar, serial_shops, nicolae_shop_trees,
          uniq_josephine
Lab:      labyrinth_mini_lab

Skill      XL: |  1  2  3  4  5  6  7  8  9 10 11 12 13 14 |
---------------+-------------------------------------------+-----
Polearms       | 2 3 4 6 8 9 11 | 11.5
Shields        | 3 4 5 6 7 8 9 |  9.2
Fighting       | 4 6 7 10 12 | 12.2
Evocations     | 2 5 |  5.8
Armour         | 3 4 7 |  7.0
Staves         | 5 8 9 |  9.7

Action                   |  1- 3 |  4- 6 |  7- 9 | 10-12 | 13-15 || total
-------------------------+-------+-------+-------+-------+-------++-------
Melee: Trident           |   137 |   195 |   461 |   662 |       ||  1455
       Battleaxe         |       |       |       |    10 |       ||    10
       Lajatang          |       |       |       |   225 |   739 ||   964
       Quarterstaff      |       |       |       |     2 |    12 ||    14
 Fire: Hunting sling     |       |       |       |    77 |       ||    77
       Fustibalus        |       |       |       |     9 |    96 ||   105
Throw: Stone             |     9 |    10 |    22 |     9 |       ||    50
       Tomahawk          |       |       |       |     7 |    24 ||    31
Invok: Potion Petition   |       |       |       |     5 |     1 ||     6
       Call Merchant     |       |       |       |       |     1 ||     1
Evoke: Wand              |       |       |    21 |    39 |    31 ||    91
       Phial of floods   |       |       |       |     1 |     1 ||     2
  Use: Scroll            |       |     6 |     6 |    16 |     7 ||    35
 Stab: Distracted        |       |       |     1 |     2 |     9 ||    12
       Confused          |       |       |       |     1 |     2 ||     3
       Paralysed         |       |       |       |       |     2 ||     2
Armor: Scale mail        |    43 |    42 |    26 |       |       ||   111
       Chain mail        |       |       |   102 |   144 |       ||   246
       Plate armour      |       |       |       |   196 |   459 ||   655
Dodge: Dodged            |    37 |    20 |    46 |   130 |   206 ||   439
Block: Shield            |    10 |       |       |       |       ||    10
       Large shield      |    51 |   130 |   301 |   407 |       ||   889

Table legend:
 A = Spawn XP
 B = Non-spawn XP
 C = Spawn XP percentage of total XP
 D = Spawn monster count
 E = Non-spawn monster count
 F = Spawn count percentage of total count
 G = Total turns spent on level
                    A         B        C        D         E        F      G
               +---------+---------+-------+---------+---------+-------+---------
         Total |       0 |   83368 |   0.0 |       0 |     610 |   0.0 | 23161
               +---------+---------+-------+---------+---------+-------+---------
           D:1 |       0 |      29 |   0.0 |       0 |      19 |   0.0 |   631
           D:2 |       0 |     120 |   0.0 |       0 |      20 |   0.0 |   832
           D:3 |       0 |     186 |   0.0 |       0 |      12 |   0.0 |   895
           D:4 |       0 |     445 |   0.0 |       0 |      27 |   0.0 |  1379
           D:5 |       0 |     257 |   0.0 |       0 |       6 |   0.0 |   551
           D:6 |       0 |    1231 |   0.0 |       0 |      27 |   0.0 |  1210
           D:7 |       0 |     783 |   0.0 |       0 |      16 |   0.0 |  1321
           D:8 |       0 |    4601 |   0.0 |       0 |      37 |   0.0 |  1745
           D:9 |       0 |    2200 |   0.0 |       0 |      28 |   0.0 |  1247
          D:10 |       0 |    2574 |   0.0 |       0 |      20 |   0.0 |  1323
          D:11 |       0 |    3686 |   0.0 |       0 |      27 |   0.0 |   854
          D:12 |       0 |   10052 |   0.0 |       0 |      57 |   0.0 |   886
          D:13 |       0 |      39 |   0.0 |       0 |       1 |   0.0 |    14
        Lair:1 |       0 |    4981 |   0.0 |       0 |      41 |   0.0 |  1498
        Lair:2 |       0 |    5811 |   0.0 |       0 |      18 |   0.0 |  1298
        Lair:3 |       0 |    6799 |   0.0 |       0 |      23 |   0.0 |  1047
        Lair:4 |       0 |    4564 |   0.0 |       0 |      21 |   0.0 |  1104
        Lair:5 |       0 |    9585 |   0.0 |       0 |      38 |   0.0 |  1578
        Lair:6 |       0 |   10599 |   0.0 |       0 |      45 |   0.0 |  1575
         Orc:1 |       0 |    4142 |   0.0 |       0 |      53 |   0.0 |   856
         Orc:2 |       0 |    9877 |   0.0 |       0 |      73 |   0.0 |  1186
           Lab |       0 |     807 |   0.0 |       0 |       1 |   0.0 |    96
               +---------+---------+-------+---------+---------+-------+---------

Vault maps used:
D:1:      sevenhm_arrival_forest_fort_small_4
D:2:      nicolae_qazlal_general_emergency, uniq_terence
D:3:      first_bread
D:4:      minmay_tree_intersection, uniq_natasha, uniq_eustachio,
          uniq_blork_the_orc
D:7:      lemuel_upstairs_altar, nicolae_overflow_hidden_temple,
          lemuel_temple_firewalk_b, serial_shops, shop, shop,
          nicolae_shop_behind_doors, shop, grunt_ogre_cave
D:8:      kennysheep_six_static_rooms, minmay_lair_entry_lava, serial_shops,
          shop, uniq_psyche
D:9:      grunt_decor_fettered, minmay_misc_feat_diagonals,
          roderic_st_hans_cross
D:10:     uniq_joseph
D:11:     orc_0_dummy, nemelex_diamond_rough_becter
D:12:     serial_shops, nicolae_shop_stone, nicolae_ru_sacrificial_ziggurat,
          uniq_frances
D:13:     trove_entry_hex_spiral
Temple:   nicolae_temple_the_god_donut
Lair:1:   lab_entry_generic, special_room, grunt_forest_large_clearing_hut
Lair:2:   grunt_forest_small_clearing_treed, uniq_nergalle
Lair:3:   nicolae_volcano_entry_s_turn
Lair:4:   nicolae_swamp_entry_splash_gauntlet, spider_nest_entry_webs
Lair:5:   slime_altar_1, nzn_random_ring, uniq_snorg
Lair:6:   cheibrodos_lair_end_hotspot
Orc:1:    serial_shops, shop, lightli_orcish_oven
Orc:2:    st_orc_town, basic_altar, serial_shops, nicolae_shop_trees,
          uniq_josephine
Lab:      labyrinth_mini_lab

Table legend:
 A = Turns spent in this place as a percentage of turns spent in the entire game.
 B = Non-inter-level travel turns spent in this place as a percentage of non-inter-level travel turns spent in the entire game.
 C = Inter-level travel turns spent in this place as a percentage of turns spent in this place.
 D = Turns resting spent in this place as a percentage of non-inter-level travel turns spent in this place.
 E = Turns spent auto-exploring this place as a percentage of non-inter-level travel turns spent in this place.
 F = Non-inter-level travel turns spent in this place divided by the number of levels of this place that you've seen.
                   A       B       C       D       E      F
               +-------+-------+-------+-------+-------+----------------------
         Total | 100.0 | 100.0 |  11.3 |  10.3 |  36.5 | 892.8
       Dungeon |  55.6 |  55.1 |  12.2 |  11.9 |  32.3 | 870.9
        Temple |   0.2 |   0.2 |   0.0 |   0.0 |  25.7 |  35.0
          Lair |  35.0 |  34.7 |  12.0 |   9.0 |  44.2 | 1188.5
  Orcish Mines |   8.8 |   9.5 |   4.5 |   6.6 |  34.8 | 975.0
     Labyrinth |   0.4 |   0.5 |   0.0 |   0.0 |   0.0 |  96.0
               +-------+-------+-------+-------+-------+----------------------

Table legend:
 A = Kills in this place as a percentage of kills in entire the game.
 B = Kills by you in this place as a percentage of kills by you in the entire game.
 C = Kills by friends in this place as a percentage of kills by friends in the entire game.
 D = Other kills in this place as a percentage of other kills in the entire game.
 E = Experience gained in this place as a percentage of experience gained in the entire game.
 F = Experience gained in this place divided by the number of levels of this place that you have seen.
                   A       B       C       D       E      F
               +-------+-------+-------+-------+-------+----------------------
         Total | 100.0 | 100.0 | 100.0 | 100.0 | 100.0 | 3624.7
       Dungeon |  48.7 |  48.2 |  80.0 | 100.0 |  31.4 | 2015.6
          Lair |  30.5 |  30.9 |   0.0 |   0.0 |  50.8 | 7056.5
  Orcish Mines |  20.7 |  20.9 |   0.0 |   0.0 |  16.8 | 7009.5
     Labyrinth |   0.2 |   0.0 |  20.0 |   0.0 |   1.0 | 807.0
               +-------+-------+-------+-------+-------+----------------------
